 Dungeon Crawl Stone Soup version 0.31-a0-836-g3ceb0a68c4 (webtiles) character file.

Game seed: 13366611739940207466

21 quinnr the Stinger (level 2, -5/15 HPs)
             Began as a Tengu Venom Mage on Sept 26, 2023.
             Slain by Sigmund
             ... wielding a +2 scythe of venom
              (9 damage)
             ... on level 3 of the Dungeon on Sept 27, 2023.
             The game lasted 00:02:29 (1057 turns).

quinnr the Stinger (Tengu Venom Mage)               Turns: 1057, Time: 00:02:30

Health: -5/15      AC:  2    Str:  8    XL:     2   Next: 83%
Magic:  3/6        EV: 12    Int: 15    God:
Gold:   53         SH:  0    Dex: 14    Spells: 4/5 levels left

rFire   . . .        (no weapon)
rCold   . . .        (no shield)
rNeg    . . .        a - +0 robe
rPois   .            (helmet restricted)
rElec   .            (no cloak)
rCorr   .            (no gloves)
SInv    .            (boots unavailable)
Will    .....        (no amulet)
Stlth   ++           (no ring)
HPRegen 0.22/turn    (no ring)
MPRegen 0.10/turn

%: acrobat
@: no status effects
A: beak, talons 3, acrobatic
a: no special abilities


You were on level 3 of the Dungeon.
You visited 1 branch of the dungeon, and saw 3 of its levels.

You collected 53 gold pieces.


Innate Abilities, Weirdness & Mutations

You have a beak for a mouth.
You have claws for feet.
You can magically evade attacks while moving or waiting.


   Skills:
 - Level 2.3 Dodging
 - Level 2.1 Stealth
 - Level 2.1 Spellcasting
 - Level 1.0 Transmutations
 + Level 3.6 Poison Magic


You had 4 spell levels left.
You knew the following spells:

 Your Spells              Type           Power      Damage    Failure   Level
z - Sting                 Tmut/Pois      32%        1d4       9%          1

Your spell library contained the following spells:

 Spells                   Type           Power      Damage    Failure   Level
 Poisonous Vapours        Pois/Air       12%        N/A       16%         2
 Mephitic Cloud           Conj/Pois/Air  5%         N/A       38%         3
 Olgreb's Toxic Radiance  Pois           12%        N/A       45%         4

Inventory:

Armour
 a - a +0 robe (worn)
 e - a +0 cloak
Scrolls
 f - a scroll of fog {unknown}
 h - a scroll of enchant weapon
Potions
 b - a potion of magic
 c - a potion of mutation {unknown}
 d - a potion of curing {unknown}

Dungeon Overview and Level Annotations

Branches:
Dungeon (3/15)

Altars:

Annotations:
D:3 Sigmund

############ #.§§§§§§§§§#
#.§§§§§§§§§# #.§§§§§§§§§#
##########
#.§§§§§§§§§######.........
#.§§§§§§§§§§§§§§§.########
+.§§§§§.§@§§§§§§§>........
#.§§§§§§§§§§§§§§§.######..
#####.§§§§§§§§§###§§§......<..
###.....§§§§######
##.#.#####†## #.......§§§.#
#.....#..... #.#.....§§..#
#...#.#.#.## #.......§...#
#........... ###..........#
#.....#.#.#. ....###....#.#
#.........#.


There were no monsters in sight!


Message History

You resist with significant effort.
Unknown command.
Unknown command.
Unknown command.
Unknown command.
Sigmund mumbles some strange words.
Sigmund flickers and vanishes!
Deactivating autopickup; reactivate with Ctrl-A.
Unknown command.
Unknown command.
Something barely misses you.
Unknown command.
Unknown command.
You feel less confused.
Unknown command.
Unknown command.
A puff of flame appears from out of thin air!
The puff of flame hits you!
Ouch! That really hurt!
* * * LOW HITPOINT WARNING * * *
Unknown command.
As you read the scroll labelled MOPNUS BASEL, it crumbles to dust.
It is a scroll of enchant weapon.
You aren't carrying any weapons that can be enchanted.
You aren't carrying any weapons that can be enchanted.
The air fills with toxic fumes!
As you read the scroll labelled UFUUHE BUSENIE, it crumbles to dust.
It was a scroll of poison.
Something hits you!
Ouch! That really hurt!
You die...

Skill      XL: |  1 |
---------------+----+-----
Transmutations | 1 |  1.0
Dodging        | |  2.3
Stealth        | |  2.1
Spellcasting   | |  2.1
Poison Magic   | |  3.6

Action                     || total
---------------------------++-------
   Cast: Sting             ||    42
    Use: Scroll            ||     3
 Armour: Robe              ||     5
  Dodge: Dodged            ||    10

Levels and vault maps discovered:
D:1:      minmay_arrival_up_and_down, layout_basic
D:2:      layout_basic
D:3:      kennysheep_the_goblin_king, layout_basic,
          nicolae_wu_jian_glorious_leap, minmay_fractal_squares_diagonal_5,
          uniq_sigmund, uniq_crazy_yiuf_cottage, uniq_ijyb

Notes
Turn   | Place    | Note
-------+----------+-------------------------------------------
     0 | D:1      | quinnr the Tengu Venom Mage began the quest for the Orb.
     0 | D:1      | Reached XP level 1. HP: 10/10 MP: 4/4
   266 | D:2      | Reached skill level 1 in Transmutations
   266 | D:2      | Reached XP level 2. HP: 15/15 MP: 1/6
  1022 | D:3      | Noticed Sigmund
  1057 | D:3      | Slain by Sigmund

Vanquished Creatures
  A dart slug (D:2)
  A ball python (D:2)
  An endoplasm (D:3)
  A giant cockroach (D:2)
  2 goblins (D:2)
  4 hobgoblins
  2 quokkas (D:2)
  A frilled lizard (D:2)
  2 kobolds (D:2)
  A rat (D:3)
16 creatures vanquished.

Table legend: (Time is in decaauts)
 A = Elapsed time spent in this place.
 B = Non-inter-level travel time spent in this place.
 C = Inter-level travel time spent in this place.
 D = Time resting spent in this place.
 E = Time spent auto-exploring this place.
 F = Levels seen in this place.
 G = Mean time per level.
                   A        B        C        D        E       F      G
               +--------+--------+--------+--------+--------+-----+--------+
         Total |   1056 |   1038 |     18 |     14 |    834 |   3 |  352.0 |
       Dungeon |   1056 |   1038 |     18 |     14 |    834 |   3 |  352.0 |
               +--------+--------+--------+--------+--------+-----+--------+

Top non-repeatable levels by time:
     D:2: 870 daAuts
     D:3: 152 daAuts
     D:1: 34 daAuts

Table legend:
 A = Non-vault XP
 B = Vault XP
 C = Vault XP percentage of total XP
 D = Non-vault monster count
 E = Vault monster count
 F = Vault count percentage of total count
                 A         B        C        D         E       F
            +---------+---------+-------+---------+---------+-------
      Total |      30 |       0 |   0.0 |      16 |       0 |   0.0
            +---------+---------+-------+---------+---------+-------
        D:1 |       2 |       0 |   0.0 |       1 |       0 |   0.0
        D:2 |      23 |       0 |   0.0 |      12 |       0 |   0.0
        D:3 |       5 |       0 |   0.0 |       3 |       0 |   0.0
            +---------+---------+-------+---------+---------+-------

Levels and vault maps discovered:
D:1:      minmay_arrival_up_and_down, layout_basic
D:2:      layout_basic
D:3:      kennysheep_the_goblin_king, layout_basic,
          nicolae_wu_jian_glorious_leap, minmay_fractal_squares_diagonal_5,
          uniq_sigmund, uniq_crazy_yiuf_cottage, uniq_ijyb
